 Dungeon Crawl Stone Soup version 0.28.0-43-g3370ac3207 (console) character file.

Game seed: 12077468399967780695

497 Zeor the Magician (level 6, 0/32 HPs)
             Began as a Deep Elf Ice Elementalist on Mar 26, 2022.
             Shot with an arrow by a centaur (10 damage)
             ... on level 4 of the Dungeon.
             The game lasted 00:13:29 (3374 turns).

Zeor the Magician (Deep Elf Ice Elementalist)       Turns: 3374, Time: 00:13:29

Health: 0/32       AC:  4    Str:  5    XL:     6   Next: 93%
Magic:  9/18       EV: 13    Int: 22    God:
Gold:   103        SH:  0    Dex: 15    Spells: 9/20 levels left

rFire   . . .      SeeInvis .   a - staff of cold
rCold   + . .      Faith    .   (no shield)
rNeg    . . .      Spirit   .   e - +1 robe
rPois   .          Reflect  .   l - +0 helmet
rElec   .          Harm     .   (no cloak)
rCorr   .          Rampage  .   (no gloves)
Will    .....                   (no boots)
Stlth   ++........              (no amulet)
HPRegen 0.10/turn               (no ring)
MPRegen 0.16/turn               (no ring)

@: freezing walls
A: no striking features
a: no special abilities


You were on level 4 of the Dungeon.
You visited 1 branch of the dungeon, and saw 4 of its levels.

You collected 237 gold pieces.
You spent 134 gold pieces at shops.

Inventory:

Hand Weapons
 b - a +1 whip of venom
 f - a +0 short sword
 n - a +1 whip
Missiles
 k - 87 arrows
Armour
 e - a +1 robe (worn)
 l - a +0 helmet (worn)
 m - a +4 ring mail of cold resistance
Magical Staves
 a - a staff of cold (weapon)
Scrolls
 d - 3 scrolls of enchant armour
 h - 2 scrolls of enchant weapon
 j - 2 scrolls of blinking
 o - a scroll of identify
 s - a scroll of torment
Potions
 c - a potion of brilliance
 g - a potion of might
 i - a potion of flight
 q - a potion of heal wounds
 r - a potion of curing


   Skills:
 + Level 0.1 Fighting
 + Level 0.2 Maces & Flails
 + Level 3.1 Dodging
 + Level 3.1 Stealth
 * Level 7.9 Spellcasting
 + Level 6.1 Ice Magic


You had 9 spell levels left.
You knew the following spells:

 Your Spells              Type           Power      Damage    Failure   Level
a - Freeze                Ice            100%       1d11      1%          1
b - Frozen Ramparts       Ice            100%       1d12      1%          3
c - Ozocubu's Armour      Ice            52%        N/A       1%          3
d - Hailstorm             Conj/Ice       33%        3d8       22%         4

Your spell library contained the following spells:

 Spells                   Type           Power      Damage    Failure   Level
 Portal Projectile        Hex/Tloc       16%        N/A       22%         3
 Blade Hands              Tmut           4%         N/A       91%         5
 Excruciating Wounds      Necr           4%         N/A       91%         5


Dungeon Overview and Level Annotations

Branches:
Dungeon (4/15)
 Temple: D:4-7

Altars:
Kikubaaqudgha
Trog
Zin

Shops:
D:2 *   D:4 !


Message History

A centaur comes into view.
Casting: Freeze (safe; 1% risk of failure)
Confirm with . or Enter, or press ? or * to list all spells.
You feel a surge of power! A film of ice covers your body!
The centaur wields a +0 shortbow.
The centaur shoots an arrow.
The arrow barely misses you.
The centaur shoots an arrow.
The arrow hits you but does no damage.
The centaur shoots an arrow.
The arrow closely misses you.
Your icy armour and frozen ramparts will break if you move.
Continue?
Your icy armour cracks and falls away as you move.
The frozen ramparts melt away as you move.
The centaur shoots an arrow.
The arrow hits you!
The centaur wields a +0 shortbow.
The centaur shoots an arrow.
The arrow closely misses you.
The centaur shoots an arrow.
The arrow closely misses you.
The centaur unwields a +0 shortbow.
The centaur barely misses you. The centaur kicks you.
The centaur shoots an arrow.
The arrow closely misses you.
Casting: Ozocubu's Armour (safe; 1% risk of failure)
Confirm with . or Enter, or press ? or * to list all spells.
Casting: Frozen Ramparts (safe; 1% risk of failure)
Press: ? - help, Dir - look around, f - activate You feel a surge of power!
The walls around you are covered in ice.
The wall freezes the centaur.
The centaur misses you. The centaur barely misses you.
The wall freezes the centaur.
The centaur shoots an arrow.
The arrow barely misses you.
The wall freezes the centaur.
The centaur hits you but does no damage.
The centaur closely misses you.
Aiming: Freeze (safe; 1% risk of failure)
Press: ? - help, Q - select action, (/) - cycle Shift-Dir - straight line, f - centaur
Aim: a centaur, quivering arrows (moderately wounded)
You feel a surge of power!
You freeze the centaur.
The centaur is heavily wounded.
The wall freezes the centaur.
The centaur shoots an arrow.
The arrow hits you!
The wall freezes the centaur.
The centaur hits you. The centaur barely misses you.
The wall freezes the centaur!
The centaur shoots an arrow.
The arrow hits you!
You die...

▒∙∙∙∙∙∙∙∙∙∙∙▒∙∙∙∙▒∙∙∙∙
▒∙∙∙∙∙∙∙∙∙∙∙▒∙∙∙∙▒∙∙∙∙
▒▒▒▒▒▒∙∙∙∙∙∙▒∙∙∙∙▒▒▒▒▒
▒∙∙∙▒∙∙∙∙∙∙▒∙∙∙∙▒∙∙∙∙
▒∙∙∙▒∙∙∙∙∙∙▒∙∙∙∙▒∙∙∙∙
▒∙∙∙'∙∙∙∙∙∙▒∙∙∙∙'∙∙∙∙
▒∙$∙∙∙∙∙∙∙∙▒∙∙∙∙▒▒▒▒▒
▒∙∙▒▒∙▒▒∙∙∙∙▒∙∙∙∙▒∙∙∙∙
▒∙ ▒∙e∙▒▒∙∙∙▒∙∙∙∙▒∙∙∙∙
▒ ▒∙c▒▒c▒∙▒▒▒▒▒▒▒▒∙∙∙∙
▒∙∙∙∙


∙∙∙∙ ▒∙∙∙∙ ▒∙▒∙▒ ▒∙∙▒ ▒∙∙∙∙ ▒∙∙▒▒ ∙∙▒ ▒∙∙∙∙ ▒∙ ∙▒ ▒∙∙∙∙ ▒ ▒ ▒∙∙∙∙ ▒▒▒▒▒ You
could see 2 centaurs.

Vanquished Creatures
  2 scorpions (D:4)
  6 killer bees (D:4)
  An orc priest (D:3)
  A hound skeleton (D:4)
  A worm (D:2)
  3 dart slugs
  4 orcs (D:3)
  6 endoplasms
  2 giant cockroaches
  6 goblins
  2 hobgoblins
  4 jackals (D:1)
  9 kobolds
  A quokka (D:4)
  9 ball pythons
  2 bats (D:1)
  4 frilled lizards
  A rat (D:2)
64 creatures vanquished.

Notes
Turn   | Place    | Note
-------+----------+-------------------------------------------
     0 | D:1      | Zeor the Deep Elf Ice Elementalist began the quest for the
                  | Orb.
     0 | D:1      | Reached XP level 1. HP: 10/10 MP: 6/6
   221 | D:1      | Reached XP level 2. HP: 12/15 MP: 6/8
   639 | D:1      | Reached skill level 4 in Spellcasting
   920 | D:2      | Found Zagirr's General Store.
   927 | D:2      | Bought a scroll of identify for 22 gold pieces
   951 | D:2      | Reached XP level 3. HP: 18/19 MP: 7/10
   988 | D:2      | Learned a level 3 spell: Frozen Ramparts
   992 | D:2      | Learned a level 3 spell: Ozocubu's Armour
  1082 | D:2      | Reached skill level 5 in Ice Magic
  1753 | D:3      | Reached XP level 4. HP: 24/24 MP: 1/12
  1923 | D:3      | Found an ancient bone altar of Kikubaaqudgha.
  1940 | D:4      | Noticed a scorpion
  1940 | D:4      | Found Zaesom's Distillery.
  1958 | D:4      | Reached skill level 5 in Spellcasting
  2237 | D:3      | Learned a level 4 spell: Hailstorm
  2262 | D:3      | Found a bloodstained altar of Trog.
  2677 | D:4      | Noticed a scorpion
  2689 | D:4      | Killed a scorpion
  2690 | D:4      | Reached XP level 5. HP: 28/28 MP: 6/15
  2877 | D:4      | Reached skill level 6 in Spellcasting
  3056 | D:4      | Bought a potion of heal wounds for 70 gold pieces
  3056 | D:4      | Bought a potion of curing for 42 gold pieces
  3172 | D:4      | Found a glowing silver altar of Zin.
  3199 | D:4      | Reached XP level 6. HP: 26/32 MP: 8/17
  3201 | D:4      | Reached skill level 7 in Spellcasting
  3374 | D:4      | Shot with an arrow by a centaur

Illustrated notes

Levels and vault maps discovered:
D:1:      nicolae_arrival_memento_mori, layout_loops_ring
D:2:      layout_rooms, serial_shops, shop, minmay_misc_feat_x
D:3:      layout_basic, nicolae_overflow_hidden_temple, general_overflow_altar
D:4:      layout_gridville, zin_treasury, nicolae_stop_n_shop_1,
          minmay_manual_mares

Skill      XL: |  1  2  3  4  5  6 |
---------------+-------------------+-----
Spellcasting   | 4 5 6 7 |  7.9
Ice Magic      | 5 6 |  6.1
Dodging        | 3 |  3.1
Stealth        | 3 |  3.1
Fighting       | |  0.1
Maces & Flails | |  0.2

Action                   |  1- 3 |  4- 6 || total
-------------------------+-------+-------++-------
Melee: Staff             |     1 |     1 ||     2
       Whip              |       |    14 ||    14
 Cast: Freeze            |    43 |    28 ||    71
       Frozen Ramparts   |     9 |     6 ||    15
       Ozocubu's Armour  |     2 |     6 ||     8
  Use: Scroll            |     8 |     7 ||    15
 Stab: Sleeping          |     1 |       ||     1
Armor: Robe              |    12 |    13 ||    25
Dodge: Dodged            |    16 |    43 ||    59
